 Dungeon Crawl Stone Soup version 0.29.0-11-gd7f09526c8 (webtiles) character file.

Game seed: 16620856845637955946

2076 firemarshallily the Conjurer (level 9, 0/67 (68) HPs)
             Began as a Demonspawn Wanderer on Sept 4, 2022.
             Was a Believer of Makhleb.
             Slain by a chaos spawn (8 damage)
             ... on level 1 of the Abyss on Sept 5, 2022.
             The game lasted 00:26:22 (8352 turns).

firemarshallily the Conjurer (Demonspawn Wanderer)  Turns: 8352, Time: 00:26:22

HP:   0/67 (68)     AC:  6    Str: 12    XL:     9   Next: 6%
MP:   18/18         EV: 11    Int: 16    God:    Makhleb [**....]
Gold: 304           SH:  0    Dex: 15    Spells: 17/20 levels left

rFire   . . .      SeeInvis .   A - +4 dagger (freeze)
rCold   . . .      Faith    .   (no shield)
rNeg    + . .      Spirit   .   f - +0 leather armour
rPois   .          Reflect  .   (helmet restricted)
rElec   .          Harm     .   g - +0 cloak
rCorr   .          Rampage  .   C - +0 pair of gloves
Will    .....                   D - +0 pair of boots
Stlth   +.........              (no amulet)
HPRegen 0.21/turn               v - +4 ring of slaying
MPRegen 0.32/turn               u - ring of positive energy

@: lightly drained
A: horns 2, foul stench 2, magic regeneration
a: Renounce Religion, Minor Destruction


You were on level 1 of the Abyss.
You worshipped Makhleb.
Makhleb was pleased with you.
You visited 1 branch of the dungeon, and saw 8 of its levels.
You visited the Abyss 1 time.

You collected 354 gold pieces.
You spent 50 gold pieces at shops.

Inventory:

Hand Weapons
 r - a +3 short sword
 A - a +4 dagger of freezing (weapon)
Missiles
 b - 3 curare-tipped darts (quivered)
 k - 55 stones
 t - 15 poisoned darts
 y - 8 boomerangs
Armour
 f - a +0 leather armour (worn)
 g - a +0 cloak (worn)
 l - a +0 kite shield
 C - a +0 pair of gloves (worn)
 D - a +0 pair of boots (worn)
Magical Staves
 E - a staff of fire
Jewellery
 u - a ring of positive energy (right hand)
 v - a +4 ring of slaying (left hand)
Wands
 a - a wand of digging (7)
 F - a wand of flame (11)
Scrolls
 d - 3 scrolls of butterflies
 m - 2 scrolls of silence
 n - 2 scrolls of torment
 s - a scroll of enchant weapon
 w - a scroll of magic mapping
 x - a scroll of blinking
Potions
 c - a potion of attraction
 e - a potion of might
 h - a potion of heal wounds
 i - a potion of curing
 j - a potion of mutation {unknown}
 o - a potion of flight
 q - a potion of ambrosia
 z - a potion of haste {unknown}


   Skills:
 + Level 5.1 Fighting
 - Level 1.2 Short Blades
 - Level 3.6 Throwing
 - Level 3.0 Armour
 - Level 1.0 Dodging
 - Level 1.0 Stealth
 - Level 1.0 Unarmed Combat
 * Level 6.3 Spellcasting
 * Level 7.0 Conjurations
 + Level 0.7 Hexes
 - Level 1.2 Invocations


You had 17 spell levels left.
You knew the following spells:

 Your Spells              Type           Power      Damage    Failure   Level
a - Foxfire               Conj/Fire      64%        2x1d7     4%          1
b - Searing Ray           Conj           54%        2d6       1%          2

Your spell library contained the following spells:

 Spells                   Type           Power      Damage    Failure   Level
 Magic Dart               Conj           100%       1d8       1%          1
 Static Discharge         Conj/Air       16%        3-5/arc   6%          2
 Conjure Flame            Conj/Fire      16%        6-21      12%         3
 Sting                    Tmut/Pois      20%        1d4       17%         1
 Poisonous Vapours        Pois/Air       10%        N/A       26%         2
 Sublimation of Blood     Necr           5%         N/A       26%         2
 Wereblood                Tmut           5%         N/A       26%         2
 Fulminant Prism          Conj/Hex       8%         3d7       32%         4
 Flame Wave               Conj/Fire      16%        2d7       36%         4
 Inner Flame              Hex/Fire       6%         N/A       41%         3
 Gell's Gravitas          Tloc           5%         N/A       45%         3
 Ozocubu's Armour         Ice            5%         N/A       45%         3
 Teleport Other           Tloc           5%         N/A       45%         3
 Lightning Bolt           Conj/Air       8%         1d20      73%         5
 Olgreb's Toxic Radiance  Pois           5%         N/A       86%         4
 Passage of Golubria      Tloc           5%         N/A       86%         4
 Metabolic Englaciation   Hex/Ice        3%         N/A       99%         5
 Silence                  Hex/Air        3%         N/A       99%         5
 Dispersal                Tloc           2%         N/A       100%        6
 Simulacrum               Ice/Necr       2%         N/A       100%        6
 Summon Hydra             Summ           2%         N/A       100%        7
 Lehudib's Crystal Spear  Conj/Erth      8%         10d3      100%        8
 Maxwell's Capacitive Co  Air            2%         ∞         100%        8


Dungeon Overview and Level Annotations

Branches:
Dungeon (8/15)             Temple (0/1) D:7
   Lair: D:8-11

Altars:
Fedhas
Hepliaklqana
Kikubaaqudgha
Makhleb
Qazlal
Ru
Wu Jian
Xom

Shops:
D:1 ?

Annotations:
D:3 Sigmund
D:5 Dowan, Duvessa
D:6 1 runed translucent door, 3 exclusions, Tollund's ghost, novice DgEE


Innate Abilities, Weirdness & Mutations

You have a pair of horns on your head.
You sometimes emit foul miasma when damaged in melee.
You regenerate magic rapidly.


Message History

The chaos spawn draws strength from your injuries!
You puncture the chaos spawn! You freeze the chaos spawn.
You headbutt the chaos spawn.
The chaos spawn is moderately wounded.
The chaos spawn completely misses you.
You barely miss the chaos spawn. You headbutt the chaos spawn.
The chaos spawn is moderately wounded.
The chaos spawn misses you.
You hit the chaos spawn but do no damage.
The chaos spawn is moderately wounded.
The chaos spawn barely misses you.
You hit the chaos spawn. You freeze the chaos spawn.
The chaos spawn is heavily wounded.
The chaos spawn closely misses you.
You barely miss the chaos spawn.
The chaos spawn is heavily wounded.
The chaos spawn misses you.
You hit the chaos spawn. You freeze the chaos spawn.
The chaos spawn is heavily wounded.
The chaos spawn closely misses you.
You hit the chaos spawn. You freeze the chaos spawn.
The chaos spawn is severely wounded.
The chaos spawn gores you!
* * * LOW HITPOINT WARNING * * *
You partially resist.
You feel drained.
* * * LOW HITPOINT WARNING * * *
You closely miss the chaos spawn.
The chaos spawn is severely wounded.
The chaos spawn gores you!
* * * LOW HITPOINT WARNING * * *
You emit a cloud of foul miasma!
You closely miss the chaos spawn.
The chaos spawn is severely wounded.
The chaos spawn closely misses you.
You hit the chaos spawn but do no damage.
The chaos spawn is severely wounded.
The chaos spawn gores you.
* * * LOW HITPOINT WARNING * * *
The chaos spawn shocks you!
You die...

#.#
..#....#
.## #.#....
. # ..# # #
..#.#...
#.#..# #.#
.
###......#.
..# ##
######.#..#
#.#.#
#.#.§#
##§#§#.##
#4@§...#
#...§...###
#..#..§..#
####.#..##
.. §.# .##
..# ### §.#
.#


You could see a chaos spawn.

Vanquished Creatures
  Grinder (D:6)
  A ynoxinul (Abyss:1)
  A steam dragon (D:7)
  Menkaure (D:5)
  A water moccasin (D:6)
  A kobold brigand (D:7)
  2 bullfrogs
  3 necrophages
  2 scorpions
  2 howler monkeys (D:7)
  A quasit (Abyss:1)
  4 jellies
  3 orc priests
  Ijyb (D:5)
  4 iguanas
  8 orc wizards (D:7)
  4 gnolls
  7 adders
  4 white imps
  2 ufetubi
  A worm (D:2)
  2 dart slugs
  15 orcs
  5 ball pythons
  5 bats
  7 endoplasms
  A giant cockroach (D:1)
  4 goblins
  7 hobgoblins
  3 jackals (D:5)
  3 quokkas
  3 frilled lizards
  11 kobolds
  4 rats
124 creatures vanquished.

Vanquished Creatures (others)
  308 foxfires
308 creatures vanquished.

Grand Total: 432 creatures vanquished

Notes
Turn   | Place    | Note
-------+----------+-------------------------------------------
     0 | D:1      | firemarshallily the Demonspawn Wanderer began the quest for
                  | the Orb.
     0 | D:1      | firemarshallily set off with the following items: a +2
                  | dagger, 3 curare-tipped darts, a potion of attraction, a
                  | scroll of butterflies, a potion of lignification, a +0
                  | leather armour.
     0 | D:1      | Reached XP level 1. HP: 15/15 MP: 1/1
   284 | D:1      | Discovered your monstrous ancestry.
   284 | D:1      | Gained mutation: You have a pair of small horns on your
                  | head. [demonic ancestry]
   284 | D:1      | Reached XP level 2. HP: 15/21 MP: 2/2
   678 | D:1      | Reached skill level 1 in Stealth
   989 | D:1      | Found Hieb's Magic Scroll Emporium.
   993 | D:1      | Reached skill level 1 in Short Blades
  1006 | D:1      | Gained mutation: You may rarely emit foul miasma when
                  | damaged in melee. [demonic ancestry]
  1006 | D:1      | Reached XP level 3. HP: 25/26 MP: 3/3
  1014 | D:1      | Bought a scroll of identify for 20 gold pieces
  1014 | D:1      | Bought a scroll of teleportation for 30 gold pieces
  1476 | D:2      | Learned a level 1 spell: Foxfire
  2106 | D:2      | Reached skill level 1 in Spellcasting
  2106 | D:2      | Reached skill level 1 in Conjurations
  2419 | D:2      | Gained mutation: You regenerate magic rapidly. [demonic
                  | ancestry]
  2419 | D:2      | Reached XP level 4. HP: 33/33 MP: 5/5
  3150 | D:3      | Noticed Sigmund
  3188 | D:3      | Found a burning altar of Makhleb.
  3190 | D:3      | Noticed a blizzard demon
  3326 | D:3      | Noticed a ynoxinul
  3326 | D:3      | Noticed a smoke demon
  3328 | D:3      | Became a worshipper of Makhleb the Destroyer
  3473 | D:3      | Found a hazy altar of Hepliaklqana.
  3788 | D:4      | Found an ornate altar of the Wu Jian Council.
  4125 | D:4      | Noticed a necrophage
  4127 | D:4      | Found an ancient bone altar of Kikubaaqudgha.
  4165 | D:4      | Killed a necrophage
  4166 | D:4      | Reached skill level 2 in Conjurations
  4166 | D:4      | Gained mutation: You have a pair of horns on your head.
                  | [demonic ancestry]
  4166 | D:4      | Reached XP level 5. HP: 38/38 MP: 0/8
  4669 | D:5      | Entered Level 5 of the Dungeon
  4682 | D:5      | Noticed Duvessa
  4705 | D:5      | Noticed Dowan
  4711 | D:5      | Noticed Ijyb
  4713 | D:5      | Noticed Menkaure
  4725 | D:5      | Killed Ijyb
  4726 | D:5      | Reached XP level 6. HP: 46/46 MP: 6/9
  4733 | D:5      | Killed Menkaure
  4734 | D:5      | Reached skill level 3 in Conjurations
  4893 | D:5      | Found a sacrificial altar of Ru.
  4928 | D:5      | Reached * piety under Makhleb
  5155 | D:5      | Found a shimmering altar of Xom.
  5492 | D:6      | Noticed a water moccasin
  5496 | D:6      | Killed a water moccasin
  5497 | D:6      | Reached skill level 4 in Conjurations
  5497 | D:6      | Gained mutation: You sometimes emit foul miasma when
                  | damaged in melee. [demonic ancestry]
  5497 | D:6      | Reached XP level 7. HP: 43/52 MP: 10/12
  5775 | D:6      | Noticed Grinder
  5788 | D:6      | Killed Grinder
  5789 | D:6      | Reached skill level 5 in Conjurations
  5993 | D:6      | Reached XP level 8. HP: 60/60 MP: 9/14
  6426 | D:6      | Found a blossoming altar of Fedhas.
  6771 | D:6      | Found a runed translucent door.
  6773 | D:6      | Noticed Tollund's ghost (novice DgEE)
  6838 | D:7      | Reached skill level 5 in Spellcasting
  6980 | D:7      | Found a stormy altar of Qazlal.
  7012 | D:7      | Reached skill level 6 in Conjurations
  7053 | D:7      | Reached ** piety under Makhleb
  7517 | D:7      | Found a staircase to the Ecumenical Temple.
  7651 | D:7      | Reached skill level 5 in Fighting
  7730 | D:7      | Learned a level 2 spell: Searing Ray
  8085 | Abyss:1  | Cast into level 1 of the Abyss (orc)
  8102 | Abyss:1  | Noticed a raiju
  8142 | Abyss:1  | Noticed a white very ugly thing
  8148 | Abyss:1  | Noticed a large abomination
  8149 | Abyss:1  | Noticed an angel
  8207 | Abyss:1  | Noticed a large abomination
  8269 | Abyss:1  | Reached skill level 7 in Conjurations
  8269 | Abyss:1  | Reached XP level 9. HP: 23/68 MP: 16/18
  8278 | Abyss:1  | Noticed an ancient zyme
  8285 | Abyss:1  | Noticed a mana viper
  8352 | Abyss:1  | Slain by a chaos spawn

Illustrated notes

Levels and vault maps discovered:
D:1:      sevenhm_arrival_forest_fort_small_5, layout_loops_corners,
          serial_shops, nicolae_shop_crystal, roderic_serpentine_path,
          corexii_leaking_fountain, minmay_splitting_lines
D:2:      layout_loops_ring, minmay_misc_feat_more_columns
D:3:      layout_basic, mainiacjoe_overflow_alcove_1, makhleb_altar_promises_db,
          minmay_misc_feat_enclosed, grunt_ministairs_12, serial_bayou_lagoon_a,
          uniq_sigmund
D:4:      layout_loops_cross, mainiacjoe_overflow_small_starburst,
          mainiacjoe_overflow_concentric_impassable, grunt_ministairs_3
D:5:      layout_loops_ring, tgw_xom, kennysheep_little_box,
          ebering_ghost_sewer_d, minmay_misc_feat_ornament, uniq_duvessa,
          uniq_ijyb, uniq_menkaure
D:6:      layout_basic, lemuel_round_altar, tso_oasis_becter,
          ebering_ghost_reflecting_pool, uniq_grinder
D:7:      layout_loops_ring, grunt_qazlal_clouds,
          minmay_temple_entry_sparse_star
D:8:      layout_gridville, mainiacjoe_overflow_surrounded_room,
          erik_lair_island
Abyss:1:  base: D:2, base:
D:8

Skill      XL: |  1  2  3  4  5  6  7  8 |
---------------+-------------------------+-----
Stealth        | 1 |  1.0
Short Blades   | 1 |  1.2
Armour         | 2 3 |  3.0
Spellcasting   | 1 2 3 4 6 |  6.3
Conjurations   | 1 2 4 5 7 |  7.0
Fighting       | 2 3 5 |  5.1
Throwing       | |  3.6
Dodging        | |  1.0
Unarmed Combat | |  1.0
Hexes          | |  0.7
Invocations    | |  1.2

Action                   |  1- 3 |  4- 6 |  7- 9 || total
-------------------------+-------+-------+-------++-------
Melee: Dagger            |    95 |    58 |   121 ||   274
       Punch             |     2 |     2 |       ||     4
       Headbutt          |    13 |     6 |    32 ||    51
       Short sword       |    13 |    16 |       ||    29
Throw: Stone             |     1 |       |       ||     1
 Cast: Foxfire           |    11 |    60 |   108 ||   179
  Use: Scroll            |     6 |     8 |     3 ||    17
       Potion            |       |     3 |     1 ||     4
 Stab: Sleeping          |       |     3 |       ||     3
Armor: Leather armour    |    21 |    14 |    32 ||    67
       Skin              |       |    12 |       ||    12
Dodge: Dodged            |    46 |    21 |    70 ||   137
